Map: Reclamation LE

Players

JhosuaSuren

  • Race: Terran Terran
  • League: Gold
  • Spawn Location: 6:00

Kaotik

  • Race: Zerg Zerg
  • Spawn Location: 5:00

PiPuxD - Winner!

  • Race: Protoss Protoss
  • League: Gold
  • Spawn Location: 11:00

MattBarry - Winner!

  • Race: Zerg Zerg
  • League: Gold
  • Spawn Location: 12:00

VOD

Have the link to the VOD?

Description

Time

  • Played on: Jan. 28, 2023, 11:57 p.m.
  • Length: 10:08
Show
View Real Time Build Order
Export as new Build Order

JhosuaSuren Terran 

Build Orders:  

Get SALT Encoding   

  12  0:04  SCV  
  13  0:18  Supply Depot  
  13  0:22  Supply Depot  
  13  0:26  SCV  
  13  0:27  Refinery  
  14  0:43  SCV  
  14  0:48  Barracks  
  15  0:56  Refinery  
  15  1:00  SCV  
  16  1:12  SCV  
  17  1:35  SCV  
  18  1:49  Command Center  
  18  2:32  Command Center  
  18  2:46  Factory  
  18  3:01  Orbital Command  
  18  3:18  Supply Depot  
  18  3:32  Orbital Command  
  17  3:48  Starport  
  17  3:50  Orbital Command  
  17  4:04  SCV  
  18  4:12  Orbital Command  
  18  4:26  Fusion Core  
  18  4:29  Starport Tech Lab  
  18  4:31  SCV  
  19  4:33  SCV  
  20  4:40  SCV  
  20  4:43  SCV  
  20  4:45  SCV  
  23  4:48  Factory Tech Lab  
  23  4:53  SCV  
  23  4:55  SCV  
  23  4:57  SCV  
  26  5:04  Orbital Command  
  26  5:07  SCV  
  26  5:13  Orbital Command  
  25  5:16  Battlecruiser  
  26  5:45  SCV x3  
  29  5:57  SCV x2  
  29  5:58  SCV  
  32  6:09  SCV x2  
  34  6:15  Command Center  
  34  6:16  SCV  
  35  6:21  SCV x2  
  37  6:35  Siege Tank  
  37  6:37  Battlecruiser  
  46  6:42  Orbital Command  
  46  7:10  SCV x3  
  49  7:17  Refinery  
  49  7:19  Refinery  
  49  7:22  SCV x2  
  51  7:25  Starport, SCV  
  51  7:28  Starport  
  51  7:29  Starport  
  52  7:33  Orbital Command  
  52  7:34  Starport, SCV x2  
  54  7:37  SCV  
  55  7:46  SCV x2  
  55  7:47  Weapon Refit  
  55  7:49  SCV  
  58  7:54  Siege Tank  
  62  7:58  SCV x2  
  62  8:01  SCV  
  62  8:02  Orbital Command  
  64  8:10  SCV x2  
  66  8:13  SCV  
  67  8:22  SCV  
  67  8:23  SCV  
  67  8:26  SCV  
  70  8:28  Armory  
  70  8:29  Armory  
  70  9:08  Starport Tech Lab x3  
  64  9:13  SCV x3  
  59  9:21  Starport Tech Lab  
  58  9:25  SCV x3  
  61  9:31  Command Center  
Show
View Real Time Build Order
Export as new Build Order

Kaotik Zerg 

Build Orders: Pool First 

Get SALT Encoding   

  12  0:00  Drone  
  13  0:12  Overlord  
  13  0:17  Drone  
  14  0:30  Drone  
  14  0:31  Drone  
  16  0:42  Drone  
  17  0:54  Spawning Pool  
  17  0:56  Drone  
  17  1:15  Hatchery  
  17  1:18  Drone  
  17  1:19  Extractor  
  17  1:21  Drone  
  17  1:24  Drone  
  18  1:37  Drone  
  19  1:42  Zergling x2  
  19  1:43  Queen  
  22  1:51  Overlord  
  22  2:06  Roach Warren  
  22  2:07  Drone  
  22  2:19  Metabolic Boost  
  22  2:27  Drone x2  
  24  2:31  Overlord  
  24  2:39  Queen  
  24  2:42  Queen  
  28  2:46  Drone  
  28  2:48  Drone  
  30  2:56  Roach  
  34  2:58  Roach  
  33  3:09  Roach x2  
  33  3:11  Roach  
  39  3:18  Overlord  
  36  3:55  Zergling x6  
  38  3:56  Roach x2  
  38  3:57  Drone  
  38  4:02  Lair  
  44  4:18  Overlord x2  
  43  4:35  Extractor, Drone x2  
  43  4:36  Overlord x2  
  43  4:37  Drone x3  
  47  4:52  Drone x6  
  53  5:01  Glial Reconstitution  
  41  5:36  Spore Crawler  
  41  5:39  Spore Crawler  
  41  5:42  Roach  
  41  5:43  Roach x4  
  48  6:05  Drone  
  48  6:06  Drone x5  
  54  6:27  Roach  
  54  6:28  Roach x3  
  58  6:41  Zergling x10  
  59  7:01  Hydralisk Den  
  58  7:17  Hatchery  
  57  7:25  Drone  
  57  7:26  Drone x6  
  64  7:40  Queen  
  66  7:47  Drone x4  
  70  8:04  Overlord x3  
  70  8:08  Muscular Augments  
  70  8:10  Overlord  
  70  8:12  Drone  
  70  8:50  Hydralisk x2  
  70  8:51  Hydralisk x8  
Show
View Real Time Build Order
Export as new Build Order

PiPuxD Protoss - Winner!

Build Orders: 1 Gate Expand, Oracle Opening 

Get SALT Encoding   

  12  0:00  Probe  
  13  0:12  Probe  
  14  0:17  Pylon  
  14  0:24  Probe  
  15  0:38  Probe (Chrono Boost)  
  15  0:39  Gateway  
  16  0:48  Assimilator, Probe (Chrono Boost)  
  17  0:53  Probe (Chrono Boost)  
  18  1:05  Probe  
  19  1:17  Probe  
  20  1:24  Nexus  
  20  1:29  Probe  
  21  1:37  Cybernetics Core  
  21  1:42  Probe  
  21  1:47  Pylon  
  22  1:54  Assimilator  
  22  1:55  Probe  
  23  2:07  Probe  
  24  2:11  Warp Gate (Chrono Boost)  
  24  2:15  Adept  
  26  2:22  Probe  
  27  2:26  Pylon  
  27  2:34  Probe (Chrono Boost)  
  27  2:36  Stargate  
  28  2:42  Probe (Chrono Boost)  
  29  2:45  Adept  
  29  2:47  Probe (Chrono Boost)  
  33  2:53  Probe (Chrono Boost)  
  33  2:55  Probe (Chrono Boost)  
  33  2:57  Probe (Chrono Boost)  
  34  3:03  Probe  
  36  3:08  Probe  
  36  3:11  Pylon  
  37  3:15  Adept, Probe  
  37  3:16  Oracle (Chrono Boost)  
  43  3:20  Probe  
  44  3:27  Probe  
  44  3:30  Shield Battery  
  44  3:32  Probe  
  46  3:39  Probe  
  47  3:44  Probe  
  47  3:45  Gateway  
  47  3:47  Gateway  
  48  3:50  Oracle  
  48  3:51  Probe  
  52  3:56  Probe  
  52  3:59  Stalker  
  55  4:03  Pylon  
  55  4:07  Pylon  
  55  4:24  Nexus  
  55  4:25  Pylon  
  55  4:27  Assimilator  
  55  4:28  Probe x2  
  55  4:31  Assimilator  
  57  4:32  Sentry  
  59  4:40  Probe x2  
  59  4:42  Stalker x2  
  65  4:52  Probe x2  
  67  5:08  Probe  
  67  5:09  Probe  
  69  5:21  Probe x2  
  69  5:22  Stalker x3  
  77  5:34  Forge  
  77  5:36  Forge  
  77  5:37  Twilight Council, Pylon  
  77  5:40  Probe x2  
  79  5:45  Probe  
  80  5:52  Probe x2  
  80  5:55  Stalker x3  
  88  5:57  Probe  
  89  6:04  Probe x2  
  89  6:06  Robotics Facility  
  89  6:07  Pylon  
  91  6:11  Pylon  
  91  6:12  Shield Battery  
  91  6:13  Shield Battery  
  91  6:14  Probe  
  91  6:16  Probe x2  
  94  6:18  Stalker x3  
  100  6:26  Probe  
  93  6:46  Stalker x3  
  89  6:56  Blink (Chrono Boost)  
  89  6:57  Protoss Ground Weapons Level 1 (Chrono Boost), Protoss Ground Armor Level 1 (Chrono Boost)  
  89  7:14  Stalker  
  89  7:15  Stalker x2  
  95  7:16  Observer  
  95  7:19  Assimilator, Probe x2  
  95  7:20  Probe  
  99  7:23  Assimilator  
  99  7:27  Gateway x2  
  99  7:30  Gateway  
  99  7:31  Probe  
  99  7:36  Gateway  
  100  7:42  Stalker x3  
  106  7:47  Nexus  
  106  7:48  Pylon  
  106  7:50  Pylon  
  106  7:53  Phoenix  
  108  7:58  Pylon  
  108  8:08  Probe x3  
  108  8:11  Observer  
  108  8:12  Templar Archives  
  112  8:14  Robotics Bay  
  112  8:20  Probe x2  
  112  8:21  Photon Cannon  
  112  8:22  Photon Cannon  
  112  8:24  Photon Cannon  
  112  8:25  Stalker x5  
  112  8:26  Photon Cannon, Stalker  
  126  8:28  Photon Cannon  
  126  8:29  Shield Battery  
  126  8:31  Shield Battery  
  124  9:02  Stalker  
  124  9:03  Stalker x5  
  124  9:05  Zealot  
  136  9:20  Assimilator  
  136  9:22  Assimilator  
  136  9:28  Zealot x7  
Show
View Real Time Build Order
Export as new Build Order

MattBarry Zerg - Winner!

Build Orders: Hatch First 

Get SALT Encoding   

  12  0:00  Drone  
  13  0:12  Overlord  
  13  0:18  Drone  
  14  0:25  Drone, Extractor  
  15  0:34  Drone  
  16  0:51  Hatchery  
  16  0:53  Drone  
  16  0:56  Drone  
  17  1:01  Drone  
  18  1:09  Extractor  
  17  1:20  Spawning Pool  
  17  1:22  Drone  
  17  1:34  Drone  
  17  1:36  Overlord  
  18  2:07  Zergling x6, Queen  
  23  2:09  Queen  
  23  2:11  Drone  
  26  2:17  Metabolic Boost  
  26  2:28  Drone  
  26  2:29  Drone x3  
  30  2:37  Drone  
  31  2:50  Queen  
  33  2:52  Queen  
  33  2:54  Drone  
  36  3:07  Overlord x2  
  35  3:28  Drone x3  
  35  3:31  Roach Warren  
  37  3:34  Drone x3  
  37  3:35  Evolution Chamber  
  37  3:36  Evolution Chamber  
  37  3:38  Evolution Chamber  
  36  3:43  Zergling x4  
  36  3:44  Zergling x2  
  36  3:47  Extractor  
  37  3:52  Lair  
  38  3:55  Drone  
  38  3:58  Drone  
  38  4:02  Zerg Melee Weapons Level 1  
  36  4:26  Zergling x20  
  46  4:39  Extractor x2  
  46  4:41  Drone x3  
  47  4:50  Drone  
  47  4:51  Drone  
  49  5:20  Roach x2  
  44  5:46  Zergling x2  
  44  5:47  Zergling x14  
  51  5:57  Drone  
  52  5:58  Overlord x2  
  52  6:10  Zerg Ground Armor Level 1  
  52  6:11  Zerg Melee Weapons Level 2, Hatchery  
  51  6:12  Hatchery  
  50  6:21  Hydralisk Den  
  47  6:27  Zergling x2  
  47  6:28  Zergling x14  
  51  6:52  Spore Crawler  
  50  6:54  Spore Crawler  
  50  6:57  Spore Crawler  
  46  7:14  Drone  
  46  7:15  Drone x9  
  56  7:22  Overlord  
  56  7:36  Spire  
  55  7:48  Drone  
  55  7:49  Drone x5  
  61  7:55  Glial Reconstitution  
  61  8:03  Spore Crawler, Hydralisk Den  
  59  8:07  Spore Crawler  
  58  8:14  Spore Crawler  
  58  8:16  Spore Crawler  
  58  8:19  Drone  
  57  8:20  Drone  
  52  8:54  Corruptor x4  
  60  9:32  Hatchery  
Tags
 
Add a new tag
Caveats
  • Supply blocks, unpowered buildings, or Contaminate may cause inaccurate times.
  • Supply counts are checked every 10 seconds.